Unix NetHack Version 3.7.0-66 Work-in-progress - last build Dec 5 2022 03:26:57 (dbea811729ade750c4c0c7f8ab6145c62533a6e7,branch:master).

Game began 2022-12-10 02:50:25, ended 2022-12-17 10:36:47.

spontiff, lawful male gnomish Healer

  
unexplored area
unexplored area
unexplored area
unexplored area
unexplored area
unexplored area
unexplored area
unexplored area
unexplored area
unexplored area
unexplored area
unexplored area
unexplored area
unexplored area
unexplored area
unexplored area
unexplored area
unexplored area
unexplored area
unexplored area
unexplored area
unexplored area
unexplored area
unexplored area
unexplored area
unexplored area
unexplored area
unexplored area
unexplored area
unexplored area
unexplored area
unexplored area
unexplored area
unexplored area
unexplored area
unexplored area
unexplored area
unexplored area
unexplored area
unexplored area
unexplored area
unexplored area
unexplored area
unexplored area
unexplored area
unexplored area
unexplored area
unexplored area
unexplored area
unexplored area
unexplored area
unexplored area
unexplored area
unexplored area
unexplored area
unexplored area
unexplored area
unexplored area
unexplored area
unexplored area
unexplored area
unexplored area
unexplored area
unexplored area
unexplored area
unexplored area
unexplored area
unexplored area
unexplored area
unexplored area
unexplored area
unexplored area
unexplored area
unexplored area
unexplored area
unexplored area
unexplored area
unexplored area
unexplored area
unexplored area
unexplored area
unexplored area
unexplored area
unexplored area
unexplored area
unexplored area
unexplored area
unexplored area
unexplored area
unexplored area
unexplored area
unexplored area
unexplored area
unexplored area
unexplored area
unexplored area
unexplored area
unexplored area
unexplored area
unexplored area
unexplored area
unexplored area
unexplored area
unexplored area
unexplored area
unexplored area
unexplored area
unexplored area
unexplored area
unexplored area
unexplored area
wall
wall
wall
wall
wall
wall
wall
wall
wall
wall
wall
wall
wall
wall
wall
unexplored area
unexplored area
unexplored area
unexplored area
unexplored area
unexplored area
unexplored area
unexplored area
unexplored area
unexplored area
unexplored area
unexplored area
unexplored area
unexplored area
unexplored area
unexplored area
unexplored area
unexplored area
unexplored area
unexplored area
unexplored area
unexplored area
unexplored area
unexplored area
unexplored area
unexplored area
unexplored area
unexplored area
unexplored area
unexplored area
unexplored area
unexplored area
unexplored area
unexplored area
unexplored area
unexplored area
unexplored area
unexplored area
unexplored area
unexplored area
unexplored area
unexplored area
unexplored area
unexplored area
unexplored area
unexplored area
unexplored area
unexplored area
unexplored area
unexplored area
unexplored area
unexplored area
unexplored area
unexplored area
unexplored area
unexplored area
unexplored area
unexplored area
unexplored area
unexplored area
unexplored area
unexplored area
unexplored area
unexplored area
wall
.dark part of a room
.dark part of a room
.dark part of a room
.dark part of a room
.dark part of a room
.dark part of a room
.dark part of a room
.dark part of a room
.dark part of a room
.dark part of a room
.dark part of a room
.dark part of a room
.dark part of a room
wall
unexplored area
unexplored area
unexplored area
unexplored area
unexplored area
unexplored area
unexplored area
unexplored area
unexplored area
unexplored area
unexplored area
unexplored area
unexplored area
unexplored area
unexplored area
unexplored area
unexplored area
unexplored area
unexplored area
unexplored area
unexplored area
unexplored area
unexplored area
unexplored area
unexplored area
unexplored area
unexplored area
unexplored area
unexplored area
unexplored area
unexplored area
unexplored area
unexplored area
unexplored area
unexplored area
unexplored area
unexplored area
unexplored area
unexplored area
unexplored area
unexplored area
unexplored area
unexplored area
unexplored area
unexplored area
unexplored area
unexplored area
unexplored area
unexplored area
unexplored area
unexplored area
unexplored area
unexplored area
unexplored area
unexplored area
unexplored area
unexplored area
unexplored area
unexplored area
unexplored area
unexplored area
unexplored area
unexplored area
unexplored area
wall
.dark part of a room
.dark part of a room
wall
wall
wall
wall
wall
wall
wall
wall
wall
.dark part of a room
.dark part of a room
wall
unexplored area
unexplored area
unexplored area
unexplored area
unexplored area
unexplored area
unexplored area
unexplored area
unexplored area
unexplored area
unexplored area
unexplored area
unexplored area
unexplored area
unexplored area
unexplored area
unexplored area
unexplored area
unexplored area
unexplored area
unexplored area
unexplored area
unexplored area
unexplored area
unexplored area
unexplored area
unexplored area
unexplored area
unexplored area
unexplored area
unexplored area
unexplored area
unexplored area
unexplored area
unexplored area
unexplored area
unexplored area
unexplored area
unexplored area
unexplored area
unexplored area
unexplored area
unexplored area
unexplored area
unexplored area
unexplored area
unexplored area
unexplored area
unexplored area
unexplored area
unexplored area
unexplored area
unexplored area
unexplored area
unexplored area
unexplored area
unexplored area
unexplored area
unexplored area
unexplored area
unexplored area
unexplored area
unexplored area
unexplored area
wall
.dark part of a room
.dark part of a room
wall
.dark part of a room
.dark part of a room
.dark part of a room
.dark part of a room
.dark part of a room
.dark part of a room
.dark part of a room
wall
.dark part of a room
%a priest corpse
wall
unexplored area
unexplored area
unexplored area
unexplored area
unexplored area
unexplored area
unexplored area
unexplored area
unexplored area
unexplored area
unexplored area
unexplored area
unexplored area
unexplored area
unexplored area
unexplored area
unexplored area
unexplored area
unexplored area
unexplored area
unexplored area
unexplored area
unexplored area
unexplored area
unexplored area
unexplored area
unexplored area
unexplored area
unexplored area
unexplored area
unexplored area
unexplored area
unexplored area
unexplored area
unexplored area
unexplored area
unexplored area
unexplored area
unexplored area
unexplored area
unexplored area
unexplored area
unexplored area
unexplored area
unexplored area
unexplored area
unexplored area
unexplored area
unexplored area
unexplored area
unexplored area
unexplored area
unexplored area
unexplored area
unexplored area
unexplored area
unexplored area
unexplored area
unexplored area
unexplored area
unexplored area
unexplored area
unexplored area
unexplored area
wall
.dark part of a room
.dark part of a room
wall
.dark part of a room
.dark part of a room
.dark part of a room
.dark part of a room
.dark part of a room
.dark part of a room
.dark part of a room
wall
.dark part of a room
.dark part of a room
wall
unexplored area
unexplored area
unexplored area
unexplored area
unexplored area
unexplored area
unexplored area
unexplored area
unexplored area
unexplored area
unexplored area
unexplored area
unexplored area
unexplored area
unexplored area
wall
wall
wall
wall
wall
unexplored area
unexplored area
unexplored area
unexplored area
unexplored area
unexplored area
unexplored area
unexplored area
unexplored area
unexplored area
unexplored area
unexplored area
unexplored area
unexplored area
unexplored area
unexplored area
unexplored area
unexplored area
unexplored area
unexplored area
unexplored area
unexplored area
unexplored area
unexplored area
unexplored area
unexplored area
unexplored area
unexplored area
unexplored area
unexplored area
unexplored area
unexplored area
unexplored area
unexplored area
unexplored area
unexplored area
unexplored area
unexplored area
unexplored area
unexplored area
unexplored area
unexplored area
unexplored area
unexplored area
wall
.dark part of a room
.dark part of a room
wall
.dark part of a room
.dark part of a room
.dark part of a room
?a cursed scroll of enchant weapon
.dark part of a room
.dark part of a room
.dark part of a room
wall
.dark part of a room
.dark part of a room
wall
unexplored area
unexplored area
unexplored area
unexplored area
unexplored area
unexplored area
unexplored area
unexplored area
unexplored area
unexplored area
unexplored area
unexplored area
unexplored area
unexplored area
unexplored area
wall
.dark part of a room
.dark part of a room
.dark part of a room
unexplored area
unexplored area
unexplored area
unexplored area
unexplored area
unexplored area
unexplored area
unexplored area
unexplored area
unexplored area
unexplored area
unexplored area
unexplored area
unexplored area
unexplored area
unexplored area
unexplored area
unexplored area
unexplored area
unexplored area
unexplored area
unexplored area
unexplored area
unexplored area
unexplored area
unexplored area
unexplored area
unexplored area
unexplored area
unexplored area
unexplored area
unexplored area
unexplored area
unexplored area
unexplored area
unexplored area
unexplored area
unexplored area
unexplored area
unexplored area
unexplored area
unexplored area
unexplored area
unexplored area
unexplored area
wall
.dark part of a room
.dark part of a room
wall
%a giant ant corpse
.dark part of a room
)a long sword
.dark part of a room
.dark part of a room
.dark part of a room
.dark part of a room
wall
.dark part of a room
.dark part of a room
wall
unexplored area
unexplored area
unexplored area
unexplored area
unexplored area
wall
wall
wall
wall
wall
unexplored area
unexplored area
unexplored area
unexplored area
wall
wall
.dark part of a room
.dark part of a room
wall
wall
wall
wall
wall
wall
wall
wall
wall
unexplored area
unexplored area
unexplored area
unexplored area
unexplored area
unexplored area
unexplored area
unexplored area
unexplored area
unexplored area
unexplored area
unexplored area
unexplored area
unexplored area
unexplored area
unexplored area
unexplored area
unexplored area
unexplored area
unexplored area
unexplored area
unexplored area
unexplored area
unexplored area
unexplored area
unexplored area
unexplored area
unexplored area
unexplored area
unexplored area
unexplored area
unexplored area
unexplored area
unexplored area
unexplored area
unexplored area
unexplored area
wall
.dark part of a room
.dark part of a room
wall
.dark part of a room
.dark part of a room
.dark part of a room
/a cursed wand of teleportation (0:0)
=a ring of see invisible
.dark part of a room
.dark part of a room
wall
.dark part of a room
.dark part of a room
wall
unexplored area
unexplored area
unexplored area
unexplored area
.dark part of a room
.dark part of a room
.dark part of a room
%a giant ant corpse
.dark part of a room
.dark part of a room
wall
wall
unexplored area
wall
wall
.dark part of a room
.dark part of a room
.dark part of a room
wall
.floor of a room
.floor of a room
.floor of a room
.floor of a room
.floor of a room
.floor of a room
.floor of a room
wall
unexplored area
unexplored area
unexplored area
unexplored area
unexplored area
unexplored area
unexplored area
unexplored area
unexplored area
unexplored area
unexplored area
unexplored area
unexplored area
unexplored area
unexplored area
unexplored area
unexplored area
unexplored area
unexplored area
unexplored area
unexplored area
unexplored area
unexplored area
unexplored area
unexplored area
unexplored area
unexplored area
unexplored area
unexplored area
.dark part of a room
.dark part of a room
.dark part of a room
unexplored area
unexplored area
unexplored area
unexplored area
unexplored area
wall
.dark part of a room
.dark part of a room
wall
wall
wall
wall
.doorway
wall
wall
wall
wall
.dark part of a room
.dark part of a room
wall
unexplored area
unexplored area
unexplored area
.dark part of a room
.dark part of a room
.dark part of a room
.dark part of a room
%some giant beetle corpses
%a giant ant corpse
.dark part of a room
.dark part of a room
wall
wall
wall
.dark part of a room
.dark part of a room
.dark part of a room
.dark part of a room
wall
)a mace
.floor of a room
.floor of a room
.floor of a room
.floor of a room
.floor of a room
.floor of a room
wall
unexplored area
unexplored area
unexplored area
unexplored area
unexplored area
unexplored area
unexplored area
unexplored area
unexplored area
unexplored area
unexplored area
unexplored area
unexplored area
unexplored area
unexplored area
unexplored area
unexplored area
unexplored area
unexplored area
unexplored area
unexplored area
unexplored area
unexplored area
unexplored area
unexplored area
unexplored area
unexplored area
unexplored area
unexplored area
.dark part of a room
.dark part of a room
.dark part of a room
unexplored area
unexplored area
unexplored area
unexplored area
unexplored area
wall
.dark part of a room
.dark part of a room
.dark part of a room
.dark part of a room
.dark part of a room
.dark part of a room
%a giant ant corpse
.dark part of a room
.dark part of a room
.dark part of a room
.dark part of a room
.dark part of a room
.dark part of a room
wall
unexplored area
unexplored area
.dark part of a room
.dark part of a room
.dark part of a room
.dark part of a room
*a gem
.dark part of a room
.dark part of a room
)a mace
.dark part of a room
Tice troll
%a giant beetle corpse
&Famine
%a giant beetle corpse
qwumpus
@priest of Poseidon
%a soldier ant corpse
$28 gold pieces
Atame guardian Angel of Hermes
)a mace
.floor of a room
@invisible gnomish healer called spontiff
.floor of a room
.floor of a room
.floor of a room
wall
unexplored area
unexplored area
unexplored area
unexplored area
unexplored area
unexplored area
unexplored area
unexplored area
unexplored area
unexplored area
unexplored area
unexplored area
unexplored area
unexplored area
unexplored area
unexplored area
unexplored area
unexplored area
unexplored area
unexplored area
unexplored area
unexplored area
unexplored area
unexplored area
unexplored area
unexplored area
unexplored area
unexplored area
.dark part of a room
.dark part of a room
.dark part of a room
.dark part of a room
unexplored area
unexplored area
unexplored area
unexplored area
unexplored area
wall
wall
wall
.dark part of a room
.dark part of a room
/a wand of striking
.dark part of a room
.dark part of a room
.dark part of a room
.dark part of a room
.dark part of a room
.dark part of a room
wall
wall
wall
unexplored area
unexplored area
.dark part of a room
.dark part of a room
.dark part of a room
.dark part of a room
%some priest corpses
.dark part of a room
%a giant ant corpse
.dark part of a room
.dark part of a room
wall
wall
wall
.dark part of a room
.dark part of a room
.dark part of a room
.dark part of a room
wall
.floor of a room
.floor of a room
.floor of a room
[a large shield
)a mace
.floor of a room
.floor of a room
wall
unexplored area
unexplored area
unexplored area
unexplored area
unexplored area
unexplored area
unexplored area
unexplored area
unexplored area
unexplored area
unexplored area
unexplored area
unexplored area
unexplored area
unexplored area
unexplored area
unexplored area
unexplored area
unexplored area
unexplored area
unexplored area
unexplored area
unexplored area
unexplored area
unexplored area
unexplored area
unexplored area
unexplored area
unexplored area
.dark part of a room
.dark part of a room
unexplored area
unexplored area
unexplored area
unexplored area
unexplored area
unexplored area
unexplored area
unexplored area
wall
wall
wall
wall
wall
%a priest corpse
wall
wall
wall
wall
wall
unexplored area
unexplored area
unexplored area
unexplored area
wall
.dark part of a room
.dark part of a room
.dark part of a room
.dark part of a room
%a killer bee corpse
.dark part of a room
.dark part of a room
wall
wall
unexplored area
wall
wall
.dark part of a room
.dark part of a room
.dark part of a room
wall
.floor of a room
Atame Archon
.floor of a room
.floor of a room
.floor of a room
.floor of a room
.floor of a room
wall
unexplored area
unexplored area
unexplored area
unexplored area
unexplored area
unexplored area
unexplored area
unexplored area
unexplored area
unexplored area
unexplored area
unexplored area
unexplored area
unexplored area
unexplored area
unexplored area
unexplored area
unexplored area
unexplored area
unexplored area
unexplored area
unexplored area
unexplored area
unexplored area
unexplored area
unexplored area
unexplored area
unexplored area
wall
wall
.doorway
wall
wall
unexplored area
unexplored area
unexplored area
unexplored area
unexplored area
unexplored area
unexplored area
wall
.dark part of a room
.dark part of a room
.dark part of a room
.dark part of a room
.dark part of a room
%a giant beetle corpse
.dark part of a room
wall
wall
unexplored area
unexplored area
unexplored area
unexplored area
wall
wall
wall
wall
|open door
wall
wall
wall
wall
unexplored area
unexplored area
unexplored area
wall
wall
%a giant beetle corpse
.dark part of a room
wall
wall
wall
wall
wall
wall
wall
wall
wall
unexplored area
unexplored area
wall
unexplored area
unexplored area
unexplored area
unexplored area
unexplored area
unexplored area
unexplored area
unexplored area
unexplored area
unexplored area
unexplored area
unexplored area
unexplored area
unexplored area
unexplored area
unexplored area
unexplored area
unexplored area
unexplored area
unexplored area
unexplored area
unexplored area
wall
wall
wall
wall
.dark part of a room
.dark part of a room
.dark part of a room
wall
wall
wall
wall
wall
wall
wall
unexplored area
.dark part of a room
.dark part of a room
.dark part of a room
.dark part of a room
.dark part of a room
.dark part of a room
)a long sword
.dark part of a room
.dark part of a room
wall
wall
wall
wall
wall
wall
wall
wall
.dark part of a room
.dark part of a room
.dark part of a room
wall
wall
wall
wall
wall
wall
unexplored area
wall
%a red dragon corpse
.dark part of a room
.dark part of a room
.dark part of a room
.dark part of a room
.dark part of a room
.dark part of a room
.dark part of a room
.dark part of a room
.dark part of a room
.dark part of a room
.dark part of a room
.dark part of a room
wall
unexplored area
unexplored area
unexplored area
unexplored area
unexplored area
unexplored area
unexplored area
unexplored area
unexplored area
unexplored area
unexplored area
unexplored area
unexplored area
unexplored area
unexplored area
unexplored area
unexplored area
unexplored area
unexplored area
unexplored area
unexplored area
.dark part of a room
.dark part of a room
.dark part of a room
.dark part of a room
.dark part of a room
.dark part of a room
.dark part of a room
.dark part of a room
.dark part of a room
.dark part of a room
.dark part of a room
.dark part of a room
.dark part of a room
.dark part of a room
wall
.dark part of a room
.dark part of a room
.dark part of a room
.dark part of a room
.dark part of a room
.dark part of a room
.dark part of a room
.dark part of a room
.dark part of a room
.dark part of a room
.dark part of a room
wall
.dark part of a room
.dark part of a room
.dark part of a room
.dark part of a room
)a long sword
.dark part of a room
%a giant beetle corpse
.dark part of a room
.dark part of a room
.dark part of a room
.dark part of a room
.dark part of a room
.dark part of a room
.dark part of a room
wall
unexplored area
wall
wall
wall
wall
wall
wall
wall
wall
wall
wall
wall
wall
wall
wall
wall
unexplored area
unexplored area
unexplored area
unexplored area
unexplored area
unexplored area
unexplored area
unexplored area
unexplored area
unexplored area
unexplored area
unexplored area
unexplored area
unexplored area
unexplored area
unexplored area
unexplored area
unexplored area
unexplored area
unexplored area
unexplored area
.dark part of a room
.dark part of a room
.dark part of a room
.dark part of a room
.dark part of a room
.dark part of a room
.dark part of a room
.dark part of a room
.dark part of a room
%a stalker corpse
.dark part of a room
.dark part of a room
.dark part of a room
(a bugle
wall
wall
.dark part of a room
.dark part of a room
.dark part of a room
.dark part of a room
%a giant beetle corpse
.dark part of a room
.dark part of a room
.dark part of a room
.dark part of a room
wall
wall
.dark part of a room
.dark part of a room
)a long sword
.dark part of a room
.dark part of a room
.dark part of a room
.dark part of a room
%a giant ant corpse
%a soldier ant corpse
.dark part of a room
.dark part of a room
.dark part of a room
.dark part of a room
.dark part of a room
wall
unexplored area
unexplored area
unexplored area
unexplored area
unexplored area
unexplored area
unexplored area
unexplored area
unexplored area
unexplored area
unexplored area
unexplored area
unexplored area
unexplored area
unexplored area
unexplored area
unexplored area
unexplored area
unexplored area
unexplored area
unexplored area
unexplored area
unexplored area
unexplored area
unexplored area
unexplored area
unexplored area
unexplored area
unexplored area
unexplored area
unexplored area
unexplored area
unexplored area
unexplored area
unexplored area
unexplored area
unexplored area
.dark part of a room
.dark part of a room
.dark part of a room
.dark part of a room
.dark part of a room
.dark part of a room
.dark part of a room
.dark part of a room
stone
.dark part of a room
.dark part of a room
.dark part of a room
)a long sword
%a blue dragon corpse
.dark part of a room
wall
wall
.dark part of a room
.dark part of a room
.dark part of a room
.dark part of a room
.dark part of a room
.dark part of a room
.dark part of a room
wall
wall
.dark part of a room
.dark part of a room
.dark part of a room
.dark part of a room
.dark part of a room
%a giant beetle corpse
.dark part of a room
.dark part of a room
.dark part of a room
)a long sword
.dark part of a room
.dark part of a room
.dark part of a room
%a lurker above corpse
)a long sword
wall
unexplored area
unexplored area
unexplored area
unexplored area
unexplored area
unexplored area
unexplored area
unexplored area
unexplored area
unexplored area
unexplored area
unexplored area
unexplored area
unexplored area
unexplored area
unexplored area
unexplored area
unexplored area
unexplored area
unexplored area
unexplored area
unexplored area
unexplored area
unexplored area
unexplored area
unexplored area
unexplored area
unexplored area
unexplored area
unexplored area
unexplored area
unexplored area
unexplored area
unexplored area
unexplored area
unexplored area
unexplored area
.dark part of a room
.dark part of a room
.dark part of a room
.dark part of a room
.dark part of a room
.dark part of a room
.dark part of a room
%a priestess corpse
.dark part of a room
.dark part of a room
.dark part of a room
%a black naga corpse
%a healer corpse named Warwick the Magister
.dark part of a room
.dark part of a room
.dark part of a room
wall
wall
wall
wall
%a killer bee corpse
wall
wall
wall
wall
+a spellbook
.dark part of a room
%a gremlin corpse
[a smooth shield
%a baluchitherium corpse
%a warg corpse
.dark part of a room
.dark part of a room
.dark part of a room
.dark part of a room
.dark part of a room
.dark part of a room
.dark part of a room
.dark part of a room
)a long sword
.dark part of a room
wall
unexplored area
unexplored area
unexplored area
unexplored area
unexplored area
unexplored area
unexplored area
unexplored area
unexplored area
unexplored area
unexplored area
unexplored area
unexplored area
unexplored area
unexplored area
unexplored area
unexplored area
unexplored area
unexplored area
unexplored area
unexplored area
unexplored area
unexplored area
unexplored area
unexplored area
unexplored area
unexplored area
unexplored area
unexplored area
unexplored area
unexplored area
unexplored area
unexplored area
unexplored area
unexplored area
unexplored area
unexplored area
.dark part of a room
.dark part of a room
.dark part of a room
.dark part of a room
.dark part of a room
.dark part of a room
.dark part of a room
.dark part of a room
.dark part of a room
%a giant beetle corpse
.dark part of a room
.dark part of a room
.dark part of a room
.dark part of a room
.dark part of a room
.dark part of a room
.dark part of a room
.dark part of a room
.dark part of a room
.dark part of a room
.dark part of a room
.dark part of a room
.dark part of a room
.dark part of a room
.dark part of a room
.dark part of a room
)a knife
.dark part of a room
.dark part of a room
.dark part of a room
.dark part of a room
.dark part of a room
.dark part of a room
.dark part of a room
.dark part of a room
.dark part of a room
.dark part of a room
.dark part of a room
.dark part of a room
.dark part of a room
.dark part of a room
wall
unexplored area
unexplored area
unexplored area
unexplored area
unexplored area
unexplored area
unexplored area
unexplored area
unexplored area
unexplored area
unexplored area
unexplored area
unexplored area
unexplored area
unexplored area
unexplored area
unexplored area
unexplored area
unexplored area
unexplored area
unexplored area
unexplored area
unexplored area
unexplored area
unexplored area
unexplored area
unexplored area
unexplored area
unexplored area
unexplored area
unexplored area
unexplored area
unexplored area
unexplored area
unexplored area
unexplored area
unexplored area
wall
wall
wall
wall
wall
wall
wall
wall
wall
wall
wall
wall
wall
wall
wall
wall
wall
wall
wall
wall
wall
wall
wall
wall
wall
wall
wall
wall
wall
wall
wall
wall
wall
wall
wall
wall
wall
wall
wall
wall
wall
wall
unexplored area
unexplored area
unexplored area
unexplored area
unexplored area
unexplored area
unexplored area
unexplored area
unexplored area
unexplored area
unexplored area
unexplored area
unexplored area
unexplored area
unexplored area
unexplored area
unexplored area
unexplored area
[Spontiff the Embalmer ] St:18/34 Dx:17 Co:18 In:19 Wi:18 Ch:18 Lawful S:12270 Astral Plane $:2 HP:197(197) Pw:11(79) AC:-10 Xp:9/2560 T:64222

Latest messages:

The Angel of Athena swings her long sword at the Archon.
The Angel of Athena misses the Archon.
The Angel of Athena swings her long sword at the Archon.
The Angel of Athena misses the Archon.
The Angel of Athena misses the Archon.
Autopickup: OFF.
The Archon swings his Sunsword at the Angel of Athena.
The Archon hits the Angel of Athena.
The Archon swings his Sunsword at the Angel of Athena.
The Archon hits the Angel of Athena.
The Archon gazes at the Angel of Athena...
but nothing happens.
The Archon hits the Angel of Athena.
The Archon hits the Angel of Athena.
The Angel of Athena swings her long sword at the Archon.
The Angel of Athena misses the Archon.
The Angel of Athena swings her long sword at the Archon.
The Angel of Athena misses the Archon.
The Angel of Athena misses the Archon.
The Archon swings his Sunsword at the Angel of Athena.
The Archon hits the Angel of Athena.
The Angel of Athena is killed!
There are several objects here.
The giant ant eats an umber hulk corpse.
There is an open door here.
You see here 28 gold pieces.
What do you want to use or apply? [acfjkostwxzDHQSTVX or ?*] o
You produce a strange whistling sound.
Three creatures shift locations.
The guardian Angel of Hermes swings her long sword at the fire ant.
The guardian Angel of Hermes hits the fire ant.
The fire ant is killed!
You swap places with your Archon.
There are several objects here.
There is a high altar to Athena (lawful) here.
There are many objects here.
An uncursed amethyst stone lands on the altar.
An uncursed black opal lands on the altar.
2 uncursed topaz stones land on the altar.
There is an amber flash as a blessed luckstone hits the altar.
An uncursed touchstone lands on the altar.
What do you want to use or apply? [acfkostwxzDHQSTVX or ?*] f
What do you want to sacrifice? [Y or ?*] ?
You offer the Amulet of Yendor to Athena...
An invisible choir sings, and you are bathed in radiance...
The voice of Athena booms out: "Mortal, thou hast done well!"
"In return for thy service, I grant thee the gift of Immortality!"
You ascend to the status of Demigod...
Do you want your possessions identified? [ynq] (y) y
Do you want to see the dungeon overview? [ynq] (y) n

Inventory:

Coins

$ - 2 gold pieces

Armor

h - a blessed greased rustproof +4 helm of brilliance
M - a cursed +0 helm of opposite alignment (being worn)
g - an uncursed thoroughly burnt +3 pair of leather gloves (being worn)
v - a blessed fireproof +4 pair of elven boots (being worn)
F - an uncursed thoroughly burnt +0 cloak of magic resistance (being worn)
q - a blessed greased thoroughly burnt +5 robe
d - a blessed +2 blue dragon scale mail (being worn)

Comestibles

y - an uncursed apple
a - an uncursed cream pie (wielded)
n - an uncursed lembas wafer
u - an uncursed sprig of wolfsbane
p - an uncursed tripe ration
Z - 2 blessed homemade tins of nurse meat
i - an uncursed lizard corpse

Potions

P - an uncursed potion of paralysis
W - a potion of holy water

Rings

R - an uncursed ring of free action (on right hand)
L - an uncursed ring of slow digestion (on left hand)

Wands

D - an uncursed wand of digging (0:6)
Q - an uncursed wand of digging (0:6)
X - an uncursed wand of digging (0:6)
V - an uncursed wand of digging (0:4)
H - an uncursed wand of digging (0:1)
S - a cursed wand of sleep (0:3)
T - a blessed wand of teleportation (0:0)

Tools

f - a blessed greased bag of holding containing 96 items
z - an uncursed leash
o - a blessed magic whistle
w - an uncursed mirror
x - an uncursed oil lamp
k - an uncursed skeleton key named Geno: chLP
s - an uncursed stethoscope
t - an uncursed towel named Need StTC
c - a blessed +0 unicorn horn

Contents of the bag of holding:

an uncursed +0 bullwhip
a blessed +2 pair of jumping boots
an uncursed +0 pair of speed boots
an uncursed burnt +2 pair of water walking boots
a blessed +1 small shield
a blessed +1 cloak of protection
an uncursed +1 elven cloak
an uncursed burnt +0 mummy wrapping
a blessed +1 oilskin cloak
an uncursed +0 robe
an uncursed +0 robe
an uncursed +0 T-shirt with text "Real men are valkyries"
an uncursed +0 set of gray dragon scales
4 uncursed apples
a blessed eucalyptus leaf
2 uncursed eucalyptus leaves
an uncursed sprig of wolfsbane
an uncursed tripe ration
a blessed tin of chameleon meat
a blessed tin of floating eye meat
a blessed tin of genetic engineer meat
14 blessed scrolls of blank paper
10 uncursed scrolls of blank paper
4 cursed scrolls of blank paper
an uncursed scroll of create monster
a cursed scroll of create monster
a blessed scroll of identify
3 blessed scrolls of remove curse
2 blessed scrolls of scare monster
an uncursed scroll of taming
an uncursed scroll of teleportation
a cursed scroll of teleportation
an uncursed potion of acid
a blessed potion of booze
an uncursed potion of full healing
an uncursed potion of invisibility
2 blessed potions of levitation
2 uncursed potions of levitation
4 uncursed potions of monster detection
an uncursed potion of sleeping
2 uncursed potions of speed
3 potions of holy water
an uncursed potion of water
2 potions of unholy water
a blessed ring of conflict
an uncursed ring of free action
an uncursed ring of levitation
an uncursed ring of polymorph
an uncursed ring of polymorph control
an uncursed +1 ring of protection
an uncursed ring of regeneration
an uncursed ring of stealth
an uncursed ring of sustain ability
a blessed ring of teleport control
an uncursed wand of create monster (0:10)
an uncursed wand of create monster (0:7)
a cursed wand of create monster (0:11)
an uncursed wand of death (0:7)
an uncursed wand of fire (0:6)
an uncursed wand of light (0:13)
an uncursed wand of lightning (0:6)
an uncursed wand of lightning (0:2)
an uncursed wand of locking (0:7)
an uncursed wand of opening (0:0)
an uncursed wand of polymorph (1:0)
an uncursed wand of polymorph (2:0)
an uncursed wand of polymorph (0:0)
an uncursed wand of secret door detection (0:12)
an uncursed wand of secret door detection (0:11)
an uncursed wand of secret door detection (0:10)
an uncursed wand of secret door detection (0:4)
an uncursed wand of secret door detection (0:0)
an uncursed wand of sleep (0:6)
an uncursed wand of sleep (0:3)
an uncursed wand of sleep (0:1)
an uncursed wand of sleep (0:1)
an uncursed wand of slow monster (0:6)
an uncursed wand of speed monster (0:8)
a blessed wand of striking (0:6)
an uncursed wand of striking (0:6)
an uncursed wand of striking (0:4)
an uncursed wand of striking (0:4)
an uncursed wand of striking (0:3)
an uncursed wand of striking (0:1)
an uncursed wand of striking (0:0)
an uncursed wand of teleportation (1:0)
an uncursed wand of teleportation (0:0)
an uncursed wand of undead turning (0:8)
an uncursed wand of undead turning (0:8)
an uncursed wand of undead turning (0:8)
an uncursed wand of undead turning (0:7)
an empty uncursed oilskin sack
an uncursed can of grease (0:16)
an uncursed expensive camera (0:38)
a blessed tinning kit (1:30)
an uncursed +0 unicorn horn

Spontiff the Healer's attributes:


Background:

You were an Embalmer, a level 9 male gnomish Healer.
You were lawful, temporarily on a mission for Athena
who was opposed by Hermes (neutral) and Poseidon (chaotic).
You were actually neutral.
You were in the endgame, on the Astral Plane.
You entered the dungeon 64222 turns ago.
You had 2560 experience points, 2560 more were needed to attain level 10.
Your score was 12270 before end-of-game adjustments.

Basics:

You had all 197 hit points.
You had 11 out of 79 energy points (spell power).
Your armor class was -10.
Your wallet contained 2 zorkmids.
Autopickup was off.

Final Characteristics:

Your strength was 18/34 (limit:18/50).
Your dexterity was 17 (limit:18).
Your constitution was 18 (limit:18).
Your intelligence was 19 (limit:19).
Your wisdom was 18 (limit:18).
Your charisma was 18 (limit:18).

Final Status:

You were not hungry.
You were unencumbered.
You were wielding some food.

Final Attributes:

You were the Envoy of Balance.
You were fervently aligned.
You were magic-protected.
You were fire resistant.
You were cold resistant.
You were sleep resistant.
You were disintegration resistant.
You were shock resistant.
Your items were protected from electric shocks.
You were poison resistant.
You saw invisible.
You were telepathic.
You had infravision.
You were invisible to others.
You were stealthy.
You could teleport.
You had slower digestion.
You were warded.
You were very fast.
You had free action.
You were extremely lucky.
You survived.

Miscellaneous:
You encountered 2 bones levels.
Total elapsed playing time was 1 day, 7 hours, 17 minutes and 50 seconds.

Major events:

Turn

1: spontiff the neutral male gnomish Healer entered the dungeon
1323: entered the Gnomish Mines
2782: reached Mine Town
9104: acquired the Mines' End luckstone
13713: killed the Oracle
14091: entered Sokoban
14516: completed 1st Sokoban level
15226: completed 2nd Sokoban level
15614: completed 3rd Sokoban level
16613: completed 4th Sokoban level
16890: acquired the Sokoban amulet of reflection
18858: entered the Bigroom
20416: stole 71 zorkmids worth of merchandise from Tegal's delicatessen
24220: became Hermes' Envoy of Balance
24220: was bestowed with Vorpal Blade
24911: performed his first genocide (green slimes)
29720: found Sunsword in a shop
35698: killed Medusa
39857: entered Gehennom
43358: attained the rank of Empiric (level 3)
43803: made his first wish - "holy wand of polymorph", got "a spiked wand"
43808: wished for "3 blessed scrolls of charging", got "a scroll called KIRJE 300z"
43815: wished for "holy figurine of an Archon", got "a figurine of an Archon"
44181: wished for "holy magic whistle", got "a whistle"
44210: wished for "the holy Platinum Yendorian Express Card", got "a credit card named the Platinum Yendorian Express Card"
44415: wished for "holy figurine of an Archon", got "a figurine of an Archon"
44420: wished for "marker", got "a magic marker"
44428: wished for "3 holy genocide", got "3 scrolls labeled MAPIRO MAHAMA DIROMAT"
44431: genocided class c
44432: genocided class L
44432: genocided class h
44506: wished for "marker", got "a magic marker"
46888: killed Hippocrates
49261: killed Juiblex
50095: bribed Baalzebub with 482 zorkmids for safe passage
51031: bribed Asmodeus with 112 zorkmids for safe passage
51797: wished for "holy ring of teleport control", got "an opal ring"
51878: killed Orcus
52490: found the Staff of Aesculapius on the floor
52501: killed the Cyclops
52504: acquired the Bell of Opening
57543: destroyed Vlad the Impaler
57545: acquired the Candelabrum of Invocation
61200: killed the Wizard of Yendor
61201: acquired the Book of the Dead
61205: killed the Wizard of Yendor (2nd time)
61211: performed the invocation
61277: attained the rank of Embalmer (level 6)
61456: killed the high priestess of Moloch
61457: acquired The Amulet of Yendor
62709: killed the Wizard of Yendor (3rd time)
63342: entered the Elemental Planes
63342: entered Plane of Earth
63423: entered Plane of Air
63583: entered Plane of Fire
63772: entered Plane of Water
63855: killed the invisible Wizard of Yendor (5th time)
63953: entered the Astral Plane
63970: found Fire Brand carried by a monster
64012: killed the high priest (2nd time)
64205: killed the high priest of Athena (3rd time)
64222: ascended

Vanquished creatures:

Orcus
Juiblex
the Wizard of Yendor (5 times)
Vlad the Impaler
3 high clerics
2 mastodons
Medusa
11 krakens
Hippocrates
an Archon
2 iron golems
the Cyclops
a storm giant
3 glass golems
a balrog
6 purple worms
7 gray dragons
9 gold dragons
a silver dragon
11 red dragons
2 white dragons
8 orange dragons
5 black dragons
9 blue dragons
5 green dragons
6 yellow dragons
17 minotaurs
4 jabberwocks
3 baluchitheria
24 Angels
a demilich
a stone golem
an Olog-hai
6 pit fiends
4 sandestins
8 hell hounds
3 displacer beasts
3 titanotheres
4 trappers
a baby silver dragon
a baby black dragon
4 baby yellow dragons
4 genetic engineers
3 disenchanters
23 vampire leaders
5 skeletons
9 shopkeepers
the Oracle
29 aligned clerics
4 captains
6 shades
3 liches
4 clay golems
7 nurses
6 ice devils
4 nalfeshnees
7 lurkers above
an Aleax
a frost giant
an ettin
2 golden nagas
22 black puddings
32 vampires
6 lieutenants
a watch captain
47 ghosts
2 healers
a wizard
a queen bee
2 winged gargoyles
9 giant mimics
5 long worms
4 zruties
10 fire giants
5 ogre tyrants
2 ice trolls
11 rock trolls
4 umber hulks
4 flesh golems
3 elven monarchs
6 doppelgangers
8 hezrous
15 bone devils
6 large mimics
a wumpus
7 fire vortices
2 couatls
12 stalkers
10 air elementals
16 fire elementals
3 earth elementals
21 water elementals
4 hill giants
7 giant mummies
9 black nagas
5 xorns
12 giant zombies
6 elf-nobles
9 sergeants
2 water demons
9 barbed devils
8 vrocks
10 salamanders
18 wargs
a winter wolf
4 hell hound pups
23 small mimics
2 glass piercers
7 warhorses
9 steam vortices
10 xans
6 ettin mummies
9 ogre leaders
11 quantum mechanics
4 trolls
a sasquatch
7 wood golems
3 erinyes
7 mariliths
2 djinn
8 sharks
11 electric eels
2 gelatinous cubes
3 pyrolisks
2 large dogs
8 flaming spheres
6 shocking spheres
5 large cats
7 tigers
7 gargoyles
2 dwarf rulers
16 tengu
6 ochre jellies
8 leocrottas
6 energy vortices
4 mountain centaurs
2 stone giants
7 elf mummies
8 red nagas
5 pythons
12 pit vipers
13 cobras
56 wraiths
6 carnivorous apes
17 ettin zombies
3 leather golems
7 Grey-elves
46 soldiers
4 watchmen
9 amorous demons
4 horned devils
7 chameleons
4 crocodiles
36 giant beetles
11 quivering blobs
5 cockatrices
18 wolves
14 winter wolf cubs
3 lynxes
6 panthers
26 gremlins
5 spotted jellies
56 leprechauns
2 orc-captains
9 iron piercers
4 mumakil
15 giant spiders
7 scorpions
5 horses
8 black lights
13 vampire bats
3 forest centaurs
5 gnome rulers
6 orc mummies
9 dwarf mummies
7 ogres
16 brown puddings
6 rust monsters
9 owlbears
14 yetis
6 gold golems
2 werewolves
7 Green-elves
4 piranha
29 giant eels
16 lizards
8 attendants
2 chickatrices
5 dingoes
2 dogs
5 housecats
6 jaguars
a dwarf leader
6 blue jellies
10 white unicorns
4 gray unicorns
2 black unicorns
9 dust vortices
8 ravens
a plains centaur
5 Kop Kaptains
5 gnome mummies
23 snakes
11 water moccasins
10 apes
19 human zombies
6 rope golems
14 Woodland-elves
24 soldier ants
18 fire ants
6 bugbears
4 imps
12 lemures
11 quasits
5 wood nymphs
7 water nymphs
7 mountain nymphs
6 Mordor orcs
5 Uruk-hai
5 orc shamans
10 rock piercers
11 rock moles
9 ponies
10 fog clouds
15 yellow lights
7 shriekers
5 violet fungi
13 gnome leaders
5 gnomish wizards
8 Kop Lieutenants
7 kobold mummies
a red naga hatchling
4 black naga hatchlings
a golden naga hatchling
14 gray oozes
3 barrow wights
24 elf zombies
20 ghouls
7 straw golems
8 paper golems
4 jellyfish
46 giant ants
2 little dogs
15 floating eyes
6 kittens
30 dwarves
7 homunculi
4 kobold leaders
7 kobold shamans
13 hill orcs
30 rothes
24 rabid rats
4 centipedes
4 giant bats
29 Kop Sergeants
3 monkeys
30 orc zombies
25 dwarf zombies
4 wererats
4 werejackals
14 iguanas
59 killer bees
19 acid blobs
11 coyotes
9 gas spores
17 hobbits
13 manes
11 large kobolds
12 hobgoblins
53 giant rats
12 cave spiders
3 brown molds
18 yellow molds
5 green molds
12 red molds
25 gnomes
59 Keystone Kops
20 garter snakes
15 gnome zombies
42 geckos
40 jackals
9 foxes
5 kobolds
15 goblins
14 sewer rats
47 grid bugs
7 bats
28 lichens
20 kobold zombies
38 newts
2882 creatures vanquished.

Genocided or extinct species:

chickatrices
cockatrices
pyrolisks
hobbits
dwarves
bugbears
dwarf leaders
dwarf rulers
mind flayers
master mind flayers
liches
demiliches
master liches
arch-liches
green slimes
erinyes (extinct)
15 species genocided.
1 species extinct.

Voluntary challenges:

You were a pacifist.
You read items or engraved 215 times.
You engraved Elbereth 3 times.
You genocided 15 types of monsters.
You used 10 wishes (3 for artifacts).
You did not violate any of the special Sokoban rules.

Achievements:

You entered a shop.
You entered the Gnomish Mines.
You entered Minetown.
You entered a temple.
You completed the Gnomish Mines.
You entered Sokoban.
You completed Sokoban.
You entered the Big Room.
You defeated Medusa.
You entered Gehennom.
You attained the rank of Empiric.
You handled the Bell of Opening.
You handled the Candelabrum of Invocation.
You handled the Book of the Dead.
You gained access to Moloch's Sanctum.
You attained the rank of Embalmer.
You reached the Elemental Planes.
You reached the Astral Plane.
You delivered the Amulet of Yendor.
You ascended!

The Elemental Planes:

   Astral Plane: <- You are here.
Some temples.
Plane of Water:
Plane of Fire:
Plane of Air:
Plane of Earth:

The Dungeons of Doom: levels 1 to 25

   Level 1:
One way stairs up to The Elemental Planes.
Level 2:
An untended shop.
Level 3: "magic trap"
Stairs down to The Gnomish Mines.
Level 4:
Level 5:
A general store.
Final resting place for
peterg-Mon-Hum-Fem-Neu, killed by a gnome lady, while fainted from lack of food.
Level 6: "Stash"
An altar.
Level 7:
Level 8:
Level 9:
Oracle of Delphi.
Level 10:
An untended shop.
Stairs up to Sokoban, level 9.
Level 11:
Level 12:
A very big room.
Level 13:
An untended shop.
Level 14:
Level 15:
A primitive area.
Portal to The Quest.
Level 16:
A temple.
Level 17:
Many altars.
Level 18: "Pools"
Level 19:
Level 20:
Level 21:
An altar.
Level 22: "Graveyard"
Some shops.
Level 23: "Polytrap"
Many trees.
Level 24:
Level 25: "Polytrap"
The castle.
Connection to Gehennom.

Gehennom: levels 26 to 46

   Level 26:
A temple, many graves.
Valley of the Dead.
Level 27:
Level 28:
Level 29:
A fountain.
Level 30:
Level 31: "Baalzie"
Level 32: "Asmo"
Level 33:
Level 34:
Level 35: "Orcus"
Some shops, an altar, many graves.
Stairs up to Vlad's Tower, level 34.
Level 36:
Level 37:
Level 38:
Level 39: "Come back with !oOD"
Level 40:
Level 41:
Level 42:
Level 43:
Level 44: "Wiztower Portal"
Level 45:
Level 46:
A temple, many graves.
Moloch's Sanctum.

The Gnomish Mines: levels 4 to 12

   Level 4:
Level 5:
Level 6:
Level 7:
Many shops, a temple.
Level 8:
Level 9:
Level 10: "Polytrap"
Level 11:
Level 12: "magic trap"

The Quest: levels 1 to 6

   Level 1:
An altar.
Home (no way back...).
Level 2:
Level 3:
A temple.
Level 4:
Final resting place for
efot-Hea-Gno-Fem-Neu, killed by the Cyclops.
Level 5:
Level 6:

Sokoban: levels 9 up to 6

   Level 6:
Solved.
Level 7:
Solved.
Level 8:
Solved.
Level 9:
Solved.

Vlad's Tower: levels 34 up to 32

   Level 32:
Level 33:
Level 34:

Goodbye spontiff the Demigod...


You went to your reward with 12270 points,
and 2 pieces of gold, after 64222 moves.
You were level 9 with a maximum of 197 hit points when you ascended.